 Dungeon Crawl Stone Soup version 0.28-a0-796-gd4f0d3f9b2 (webtiles) character file.

Game seed: 9820158397614691471

95 Decritt the Covered (level 4, 0/29 HPs)
             Began as a Gargoyle Fighter on Nov 6, 2021.
             Slain by an orc wizard (2 damage)
             ... on level 1 of the Dungeon.
             The game lasted 00:09:23 (3146 turns).

Decritt the Covered (Gargoyle Fighter)              Turns: 3146, Time: 00:09:24

Health: 0/29       AC: 12    Str: 20    XL:     4   Next: 65%
Magic:  4/4        EV:  5    Int:  9    God:
Gold:   95         SH: 11    Dex:  9    Spells: 3/3 levels left

rFire   . . .      SeeInvis .   l - +0 whip
rCold   . . .      Faith    .   m - +0 tower shield
rNeg    + . .      Spirit   .   b - +0 scale mail
rPois   ∞          Reflect  .   (no helmet)
rElec   +          Harm     .   (no cloak)
rCorr   .          Rampage  .   e - +1 pair of gloves
Will    .....                   (no boots)
Stlth   ..........              (no amulet)
HPRegen 0.09/turn               (no ring)
MPRegen 0.09/turn               (no ring)

@: on berserk cooldown, slowed, very slow
A: sickness immunity, AC +3, negative energy resistance 1, electricity
resistance, torment resistance 1, petrification resistance
a: no special abilities


You were on level 1 of the Dungeon.
You visited 1 branch of the dungeon, and saw 3 of its levels.

You collected 95 gold pieces.

Inventory:

Hand Weapons
 l - a +0 whip (weapon)
Armour
 b - a +0 scale mail (worn)
 e - a +1 pair of gloves (worn)
 m - a +0 tower shield (worn)
Scrolls
 a - a scroll of noise {unknown}
 j - a scroll of immolation {unknown}
 k - a scroll of fear
 n - a scroll of brand weapon {unknown}
 r - a scroll of identify
Potions
 c - a potion of berserk rage
 d - a potion of might
 f - a potion of heal wounds {unknown}
 g - a potion of curing {unknown}
 i - a potion of brilliance {unknown}


   Skills:
 + Level 3.9 Fighting
 * Level 3.4 Maces & Flails
 + Level 3.9 Armour
 + Level 3.6 Shields


You had 3 spell levels left.
You didn't know any spells.
Your spell library was empty.

Dungeon Overview and Level Annotations

Branches:
Dungeon (3/15)

Altars:

Annotations:
D:3 1 runed translucent door, Sigmund; rovamarkku's ghost, amateur DrTm


Innate Abilities, Weirdness & Mutations

You are immune to sickness and miasma.
Your stone body is resilient. (AC +3)
You are immune to poison.
You resist negative energy. (rN+)
You are resistant to electric shocks. (rElec)
You are resistant to unholy torment.
You are immune to petrification.


Message History

You bump into the rock wall.
Something hits you but does no damage.
You miss something.
You feel less confused. Something hits you.
* * * LOW HITPOINT WARNING * * *
Something hits you.
* * * LOW HITPOINT WARNING * * *
You miss something. You block something's attack.
Something hits you but does no damage.
There is a stone staircase leading up here.
You hear some strange, mumbled words.
You are confused.
You climb upwards.
Reactivating autopickup.
There is a stone staircase leading down here.
You bump into the rock wall.
Something hits you but does no damage.
Deactivating autopickup; reactivate with Ctrl-A.
You hear some strange, mumbled words.
A puff of flame appears from out of thin air!
The puff of flame hits you!
* * * LOW HITPOINT WARNING * * *
You are too confused!
It was a potion of berserk rage.
A red film seems to cover your vision as you go berserk!
You feel yourself moving faster!
You feel mighty!
Unknown command.
You feel a strong urge to attack something.
You bump into the rock wall.
You feel your anger nearly subside.
You are no longer berserk.
You are exhausted.
You feel yourself slow down.
You barely miss something.
You feel less confused. Something hits you but does no damage.
You block something's attack.
You miss something. Something hits you.
* * * LOW HITPOINT WARNING * * *
Something hits you but does no damage.
You barely miss something. Something hits you but does no damage.
Something hits you.
You die...

######.########.##
.................#
.#.....########..#
+#.##### #..#
..†..##########..#
.....'†........>.#
.....###########.#
.....# #{#
.....###########@#
.................#
.....#############
'##### .### .'.#
.#.#######
>#.......#
.#.......#


There were no monsters in sight!

Vanquished Creatures
  An orc priest (D:1)
  An adder (D:2)
  A dart slug (D:2)
  5 orcs
  2 endoplasms
  2 giant cockroaches
  3 goblins
  3 hobgoblins
  2 jackals (D:3)
  A kobold (D:1)
  3 quokkas
  6 ball pythons
  7 bats
  3 frilled lizards
  6 rats
46 creatures vanquished.

Vanquished Creatures (others)
  20 plants (D:3)
20 creatures vanquished.

Grand Total: 66 creatures vanquished

Notes
Turn   | Place    | Note
-------+----------+-------------------------------------------
     0 | D:1      | Decritt the Gargoyle Fighter began the quest for the Orb.
     0 | D:1      | Reached XP level 1. HP: 14/14 MP: 1/1
    90 | D:1      | Reached XP level 2. HP: 18/19 MP: 2/2
   949 | D:2      | Reached XP level 3. HP: 18/23 MP: 3/3
  1501 | D:1      | Reached XP level 4. HP: 8/29 MP: 4/4
  2366 | D:3      | Noticed Sigmund
  2632 | D:3      | Found a runed translucent door.
  2633 | D:3      | Noticed rovamarkku's ghost (amateur DrTm)
  3146 | D:1      | Slain by an orc wizard

Illustrated notes

Levels and vault maps discovered:
D:1:      eino_arrival_water_star, layout_basic
D:2:      layout_basic
D:3:      layout_basic, serial_bayou, serial_bayou_pond_c, serial_bayou_lake_a,
          serial_bayou_shore_a, serial_bayou_pond_a,
          hellmonk_ghost_happy_afterlife, corexii_hall_statues_u, uniq_sigmund

Skill      XL: |  1  2  3 |
---------------+----------+-----
Maces & Flails | 3 |  3.4
Fighting       | |  3.9
Armour         | |  3.9
Shields        | |  3.6

Action                   |  1- 3 |  4- 6 || total
-------------------------+-------+-------++-------
Melee: Flail             |    46 |       ||    46
       Whip              |    76 |   101 ||   177
  Use: Scroll            |     3 |     1 ||     4
       Potion            |       |     1 ||     1
Armor: Scale mail        |    73 |    82 ||   155
Dodge: Dodged            |    57 |    15 ||    72
Block: Buckler           |    19 |       ||    19
       Tower shield      |    35 |    70 ||   105

Table legend: (Time is in decaauts)
 A = Elapsed time spent in this place.
 B = Non-inter-level travel time spent in this place.
 C = Inter-level travel time spent in this place.
 D = Time resting spent in this place.
 E = Time spent auto-exploring this place.
 F = Levels seen in this place.
 G = Mean time per level.
                   A        B        C        D        E       F      G
               +--------+--------+--------+--------+--------+-----+--------+
         Total |   3241 |   3146 |     95 |   1082 |   1308 |   3 | 1080.3 |
       Dungeon |   3241 |   3146 |     95 |   1082 |   1308 |   3 | 1080.3 |
               +--------+--------+--------+--------+--------+-----+--------+

Top non-repeatable levels by time:
     D:1: 1571 daAuts
     D:3: 899 daAuts
     D:2: 771 daAuts
